Ben, chaotic male elven Wizard ---------------- -------- -------- |..............| |.....(.)##))###%#### --------------- |......| #...............| |......| # |.............| |......| ###|..............| |......| ##..........@...| #-......| % |..............| |......| |..............#####|......-#### -|-------------- -.------ --------------- |.>....| ##### # |......| # ### ----.--- ### # # # # --.------ # |.......| # ----- |.......| ---.- |....## |.......| |...|#####....| # -------- |.......| |...-# |...| ##%###%###############-.......# |.......| |...| |...| |......|###############.*......| |...| |...| |....<.| --------- ----- ----- -------- Ben the Thaumaturge Experience level: 6 Strength: 11 Dexterity: 13 Constitution: 15 Intelligence: 18 Wisdom: 9 Charisma: 9 Health: 39(43) Energy: 7(67) AC: 8 Gold: 4207 Moves: 2093 Your Inventory: Coins $ - 4207 gold pieces Weapons a - a blessed +1 quarterstaff (weapon in hands) Armor s - an [uncursed] +0 iron skull cap [orcish helm] (being worn) L - an [uncursed] +0 Hawaiian shirt (being worn) W - a cursed +0 pair of buckled boots [water walking] (being worn) Comestibles K - an [uncursed] food ration M - an [uncursed] lichen corpse Scrolls i - 2 uncursed scrolls of teleportation j - an uncursed scroll of earth n - a [cursed] scroll of teleportation P - a [cursed] unlabeled scroll [of blank paper] Q - a cursed scroll of destroy armor R - a cursed scroll of enchant armor S - an uncursed scroll of gold detection Spellbooks k - a blessed spellbook of force bolt l - an uncursed spellbook of detect monsters x - an [uncursed] spellbook of healing Potions f - an uncursed potion of object detection Rings d - an uncursed ring of invisibility (on left hand) e - an uncursed ring of searching (on right hand) A - an [uncursed] obsidian ring [of free action] T - a [cursed] jacinth ring [of see invisible] U - an [uncursed] pearl ring [of protection from shape changers] X - an [uncursed] amber ring [of poison resistance] Wands c - an uncursed wand of cold (0:0) p - an [uncursed] wand of cold [0:7] I - an [uncursed] wand of light [0:12] V - a [cursed] electrum wand [of secret door detection (0:0)] Tools m - an uncursed leather drum o - an [uncursed] magic marker [0:30] F - an [uncursed] key [skeleton key] Gems t - 2 [uncursed] orange gems [worthless glass] y - 2 [uncursed] black gems [worthless glass] z - an [uncursed] yellowish brown gem [worthless glass] H - 2 [uncursed] red gems [worthless glass] J - an [uncursed] yellow gem [worthless glass] Spells known in the end: Name Level Category Fail Memory a - force bolt 1 attack 0% [||||||||] b - detect monsters 1 divination 0% [||||||||] c - healing 1 healing 0% [||||||||] Your skills at the end: Fighting Skills Weapon Skills quarterstaff [Basic / Expert] Spellcasting Skills attack spells [Basic / Expert] enchantment spells [Basic / Skilled] Final Attributes: You were piously aligned. Hunger level was 713. Your alignment was 20 / 20. Monster difficulty range was 0 - 5. Level difficulty was 4. You were immune to sleep. You saw invisible. You were telepathic. You had automatic searching. You had infravision. You were invisible to others. You could walk on water. Your luck was zero. You survived. Vanquished creatures: a shopkeeper a small mimic a dingo a mountain nymph a gnome lord a little dog a floating eye a kobold shaman 4 rothes 2 acid blobs a large kobold a giant rat a yellow mold a gnome zombie 3 geckos 4 jackals a kobold 2 goblins a sewer rat 3 grid bugs 2 lichens 3 kobold zombies a newt 38 creatures vanquished. Voluntary challenges: You were an atheist. You used a wielded weapon 36 times. You read items or engraved 6 times. You put on armor 9 times. You never genocided any monsters. You never polymorphed an object. You never changed form. You used no wishes. You never wrote Elbereth's name. You encountered 1 bones level. You never used any Sokoban shortcuts. Dungeon overview: The Dungeons of Doom: levels 1 to 4 Level 1 a long staircase Level 3 a general store, a fountain a long staircase Level 4 <- You were here History has recorded: On T:1 you entered the Dungeons of Doom to retrieve the Amulet of Yendor! On T:488 you advanced to experience level 2. On T:563 you reached level 2 of The Dungeons of Doom. On T:984 you advanced to experience level 3. On T:1052 you reached level 3 of The Dungeons of Doom. On T:1183 you advanced to experience level 4. On T:1232 you advanced to experience level 5. On T:1235 you advanced to experience level 6. On T:1717 you reached level 4 of The Dungeons of Doom. Latest messages: You hit the gnome lord! You kill the gnome lord! [HP+1=35] Y - a cloak of magic resistance. Oops; that feels deathly cold. You wear a cursed +0 cloak of magic resistance. You see here 2 arrows. You see here an arrow. [HP+1=36] You see here a mountain nymph corpse. [HP+1=37] You hit the wood nymph. The wood nymph pretends to be friendly. The beautiful wood nymph seduces you and helps you to take off your cloak. She stole a cursed +0 cloak of magic resistance. [HP+1=38] [HP+1=39] Autopickup: OFF. Autopickup: ON. Final status: Goodbye Ben the Wizard... You quit in The Dungeons of Doom on dungeon level 4 with 5215 points, and 4207 pieces of gold, after 2093 moves. You were level 6 with a maximum of 43 hit points when you quit.